 Dungeon Crawl Stone Soup version 0.31-a0-229-g1fc7ce93e2 (webtiles) character file.

Game seed: 7145515011697906776

45 qw the Shooter (level 3, -1/21 HPs)
             Began as a Gargoyle Hexslinger on July 6, 2023.
             Slain by a goblin
             ... wielding a +0 club
             ... led by Robin
              (6 damage)
             ... on level 2 of the Dungeon.
             The game lasted 00:00:25 (834 turns).

qw the Shooter (Gargoyle Hexslinger)                 Turns: 834, Time: 00:00:25

Health: -1/21      AC:  5    Str: 11    XL:     3   Next: 64%
Magic:  4/4        EV: 12    Int: 13    God:
Gold:   85         SH:  0    Dex: 14    Spells: 3/4 levels left

rFire   . . .        Y - +1 sling
rCold   . . .        (no shield)
rNeg    + . .        c - +0 robe
rPois   inf          (no helmet)
rElec   +            (no cloak)
rCorr   .            (no gloves)
SInv    .            (no boots)
Will    .....        m - amulet of faith
Stlth   +            (no ring)
HPRegen 0.23/turn    (no ring)
MPRegen 0.09/turn

%: faith
@: no status effects
A: sickness immunity, AC +3, negative energy resistance 1, electricity
resistance, torment resistance 1, petrification resistance
a: no special abilities


You were on level 2 of the Dungeon.
You visited 1 branch of the dungeon, and saw 2 of its levels.

You collected 85 gold pieces.


Innate Abilities, Weirdness & Mutations

You are immune to sickness and miasma.
Your stone body is resilient. (AC +3)
You are immune to poison.
You resist negative energy. (rN+)
You are resistant to electric shocks. (rElec)
You are resistant to unholy torment.
You are immune to petrification.


   Skills:
 - Level 2.0 Fighting
 + Level 3.5 Ranged Weapons
 - Level 1.5 Dodging
 - Level 1.0 Spellcasting
 - Level 2.6 Hexes


You had 3 spell levels left.
You knew the following spells:

 Your Spells              Type           Power      Damage    Failure   Level
a - Slow                  Hex            28%        N/A       10%         1

Your spell library contained the following spells:

 Spells                   Type           Power      Damage    Failure   Level
 Inner Flame              Hex/Fire       4%         N/A       43%         3
 Portal Projectile        Hex/Tloc       8%         N/A       43%         3
 Cause Fear               Hex            3%         N/A       67%         4

Inventory:

Hand Weapons
 Y - a +1 sling (weapon)
Armour
 c - a +0 robe (worn)
Jewellery
 m - an amulet of faith (around neck)
Scrolls
 a - a scroll of enchant armour
 e - a scroll of identify
Potions
 f - a potion of attraction {unknown}
 h - a potion of haste {unknown}
 i - 2 potions of heal wounds {unknown}
 k - a potion of curing {unknown}
 l - a potion of might {unknown}

Dungeon Overview and Level Annotations

Branches:
Dungeon (2/15)

Altars:

Annotations:
D:2 Robin


Message History

Robin of the Strong Arm comes into view.
They are wielding a +0 dagger.
You shoot a sling bullet.
The sling bullet closely misses the goblin.
The goblin closely misses you.
Robin roars a battlecry!
The goblins go into a battle-frenzy!
The endoplasm jiggles.
The hobgoblin hits you.
You shoot a sling bullet.
The sling bullet closely misses the goblin.
The goblin hits you with a +0 club. The hobgoblin hits you.
The goblin barely misses you. The hobgoblin barely misses you.
You shoot a sling bullet.
The sling bullet barely misses the goblin.
The goblin closely misses you. The hobgoblin closely misses you.
You shoot a sling bullet. The sling bullet hits the goblin.
The goblin is heavily wounded.
The hobgoblin hits you but does no damage.
The goblin hits you with a +0 club.
You shoot a sling bullet. The sling bullet hits the goblin.
You kill the goblin!
Robin says, "Bow before me, strongest of all the hobgoblins!"
Robin throws the goblin at you! The hobgoblin closely misses you.
The goblin hits you with a +0 club.
The hobgoblin hits you but does no damage.
The goblin barely misses you.
A giant cockroach zombie comes into view.
You shoot a sling bullet. The sling bullet hits the goblin.
You kill the goblin!
The hobgoblin misses you.
You shoot a sling bullet. The sling bullet hits the hobgoblin.
The hobgoblin is almost dead.
The bat zombie barely misses you.
You shoot a sling bullet. The sling bullet hits the hobgoblin.
You kill the hobgoblin!
The bat zombie barely misses you.
The bat zombie hits you but does no damage.
The bat zombie hits you. Robin throws the goblin at you!
The goblin hits you but does no damage. The goblin hits you with a +0 club.
You die... ....... ...# ............+ .)).... ....# ...Z. ....##### .g.g ...)....# #gJ

#.......#
#g##.......#
#g@ZZ......#
####......%#
..... #........#
....##.#
#...8....##
.....#.#
#..........
.....#.#####
##.........
....8.......
#.........
............
#.........
.P.............#
#.........


You could see Robin, 2 bat zombies, a giant cockroach zombie, an endoplasm and 4
goblins.

Vanquished Creatures
  A dart slug (D:2)
  A bat zombie (D:2)
  3 endoplasms
  8 goblins
  8 hobgoblins
  A quokka (D:1)
  A ball python (D:2)
  A ball python skeleton (D:2)
  5 bats
  2 frilled lizards (D:1)
  A giant cockroach zombie (D:2)
  2 kobolds
  A quokka zombie (D:2)
  5 rats (D:1)
40 creatures vanquished.

Notes
Turn   | Place    | Note
-------+----------+-------------------------------------------
     0 | D:1      | qw the Gargoyle Hexslinger began the quest for the Orb.
     0 | D:1      | Reached XP level 1. HP: 12/12 MP: 2/2
     0 | D:1      | 0 ||| qw: Version: 0.3-a-46-gb1f654a
     0 | D:1      | 0 ||| qw: Game counter: 1454
     0 | D:1      | 0 ||| qw: Melee chars always use a shield: true
     0 | D:1      | 0 ||| qw: God list: Okawaru
     0 | D:1      | 0 ||| qw: Allow faded altars: false
     0 | D:1      | 0 ||| qw: Do Orc after clearing Dungeon:15 true
     0 | D:1      | 0 ||| qw: Do second Lair branch before Depths: true
     0 | D:1      | 0 ||| qw: Lair rune preference: random
     0 | D:1      | 0 ||| qw: Goals: Normal
     0 | D:1      | 0 ||| PLANNING D:1-11
   109 | D:1      | Reached XP level 2. HP: 16/16 MP: 3/3
   294 | D:1      | Reached skill level 3 in Ranged Weapons
   669 | D:1      | 669 ||| UPGRADING to amulet of faith.
   674 | D:1      | 674 ||| READING 2 scrolls labelled MIAKIDAAMO.
   675 | D:1      | 675 ||| READING 2 scrolls labelled XESCHE VUROCWY.
   676 | D:1      | 676 ||| READING scroll labelled TAT SESIHOYP.
   677 | D:1      | 677 ||| READING scroll labelled LOEDOSKY UTARO.
   678 | D:1      | 678 ||| DROPPING scroll of poison.
   760 | D:2      | Reached XP level 3. HP: 21/21 MP: 4/4
   826 | D:2      | Noticed Robin
   834 | D:2      | HP: 5/21 [Robin/goblin (1)]
   834 | D:2      | Slain by a goblin

Levels and vault maps discovered:
D:1:      psy_arrival_conway, layout_basic
D:2:      layout_basic, shapermc_ecumenical_altar_pompeii, serial_undead,
          serial_undead_c, serial_undead_c, serial_undead_a, serial_undead_a,
          serial_undead_e, serial_undead_b, serial_undead_a, serial_undead_e,
          serial_undead_e, serial_undead_e, uniq_robin

Skill      XL: |  1  2 |
---------------+-------+-----
Ranged Weapons | 3 |  3.5
Fighting       | 2 |  2.0
Dodging        | |  1.5
Spellcasting   | |  1.0
Hexes          | |  2.6

Action                     || total
---------------------------++-------
   Fire: Sling             ||   101
    Use: Scroll            ||     4
 Armour: Robe              ||    14
  Dodge: Dodged            ||    26

Table legend:
 A = Non-vault XP
 B = Vault XP
 C = Vault XP percentage of total XP
 D = Non-vault monster count
 E = Vault monster count
 F = Vault count percentage of total count
                 A         B        C        D         E       F
            +---------+---------+-------+---------+---------+-------
      Total |      47 |      20 |  29.9 |      28 |      12 |  30.0
            +---------+---------+-------+---------+---------+-------
        D:1 |      27 |       0 |   0.0 |      18 |       0 |   0.0
        D:2 |      20 |      20 |  50.0 |      10 |      12 |  54.5
            +---------+---------+-------+---------+---------+-------
